 Dungeon Crawl Stone Soup version 0.31.0-4-g52a2dc7128 (webtiles) character file.

Game seed: 5963230650062040061

2265 hawla the Conjurer (level 9, -16/48 HPs)
             Began as a Deep Elf Fire Elementalist on Jan 22, 2024.
             Demolished by a gargoyle
             ... wielding a +0 dire flail
              (18 damage)
             ... on level 7 of the Dungeon.
             The game lasted 00:24:41 (6730 turns).

hawla the Conjurer (Deep Elf Fire Elementalist)     Turns: 6730, Time: 00:24:42

Health: -16/48     AC: 11    Str:  7    XL:     9   Next: 16%
Magic:  0/17       EV: 13    Int: 23    God:
Gold:   264        SH:  0    Dex: 15    Spells: 0/16 levels left

rFire   . . .        q - +0 long sword
rCold   . . .        (no shield)
rNeg    . . .        a - +1 robe
rPois   .            b - +2 helmet
rElec   .            c - +0 cloak
rCorr   .            f - +1 pair of gloves
SInv    .            (no boots)
Will    +....        h - amulet of guardian spirit
Stlth   ++           (no ring)
HPRegen 0.28/turn    (no ring)
MPRegen 0.15/turn

%: guardian spirit
@: enlightened, flying
A: talons 1, iridescent scales 1
a: no special abilities


You were on level 7 of the Dungeon.
You visited 1 branch of the dungeon, and saw 7 of its levels.
You also visited: Sewer.

You collected 377 gold pieces.
You spent 113 gold pieces at shops.

Inventory:

Hand Weapons
 n - a +6 quick blade of venom
 q - a +0 long sword (weapon)
Armour
 a - a +1 robe (worn)
 b - a +2 helmet (worn)
 c - a +0 cloak (worn)
 f - a +1 pair of gloves (worn)
Jewellery
 h - an amulet of guardian spirit (around neck)
 v - a ring of willpower
Wands
 o - a wand of charming (5)
 p - a wand of polymorph (11)
 x - a wand of flame (9)
Scrolls
 m - a scroll of poison
 y - a scroll of fog
Potions
 d - 2 potions of cancellation
 j - a potion of attraction
 k - 2 potions of enlightenment
 l - a potion of might
 t - a potion of haste {unknown}


   Skills:
 - Level 1.9 Fighting
 - Level 5.1(6.0) Short Blades
 - Level 4.3(5.3) Long Blades
 - Level 3.2 Dodging
 - Level 2.8 Stealth
 - Level 4.0 Spellcasting
 - Level 7.1 Conjurations
 - Level 7.1 Fire Magic
 + Level 0.9 Earth Magic
 + Level 1.5 Evocations


You couldn't memorise any spells.
You knew the following spells:

 Your Spells              Type           Power      Damage    Failure   Level
a - Foxfire               Conj/Fire      100%       2x1d9     1%          1
b - Scorch                Fire           74%        2d8       1%          2
c - Flame Wave            Conj/Fire      37%        2d10      5%          4
d - Fireball              Conj/Fire      18%        3d9       16%         5
e - Brom's Barrelling Bo  Conj/Erth      23%        2d4       21%         4

Your spell library contained the following spells:

 Spells                   Type           Power      Damage    Failure   Level
 Inner Flame              Hex/Fire       20%        N/A       8%          3
 Volatile Blastmotes      Fire/Tloc      40%        2d13      8%          3
 Summon Small Mammal      Summ           16%        N/A       11%         1
 Lesser Beckoning         Tloc           8%         N/A       16%         2
 Iskenderun's Battlesphe  Conj           37%        2d9       16%         5
 Fulminant Prism          Conj/Alch      10%        3d9       24%         4
 Iskenderun's Mystic Bla  Conj/Tloc      20%        2d6       24%         4
 Summon Blazeheart Golem  Fire/Summ      20%        N/A       24%         4
 Call Canine Familiar     Summ           4%         N/A       30%         3
 Gell's Gravitas          Tloc           4%         N/A       30%         3
 Teleport Other           Tloc           4%         N/A       30%         3
 Conjure Ball Lightning   Conj/Air       10%        3x3d6     98%         6
 Orb of Destruction       Conj           18%        9d8       99%         7


Dungeon Overview and Level Annotations

Branches:
Dungeon (7/15)             Temple (0/1) D:4           Sewer (visited)

Altars:
Elyvilon
Fedhas
Gozag
Okawaru
Qazlal
Trog
Wu Jian
Yredelemnul

Shops:
D:2 =   D:4 *


Innate Abilities, Weirdness & Mutations

You have sharp toenails.
You are partially covered in iridescent scales. (AC +2)


Message History

The stone arrow misses you.
You catch the helpless gargoyle completely off-guard!
You hit the gargoyle.
The gargoyle is severely damaged.
The gargoyle hurls a stone arrow at something.
The gargoyle hits you with a +0 dire flail!
You closely miss the gargoyle. Your kick misses the gargoyle.
The gargoyle is severely damaged.
You flicker back into view.
The gargoyle hurls a stone arrow at you.
The stone arrow hits you!!
* * * LOW HITPOINT WARNING * * *
You hit the gargoyle.
The gargoyle is almost destroyed.
The gargoyle barely misses you.
You hit the gargoyle but do no damage. Your kick misses the gargoyle.
The gargoyle is almost destroyed.
The gargoyle hurls a stone arrow at you.
The stone arrow misses you.
The gargoyle hits you with a +0 dire flail.
* * * LOW HITPOINT WARNING * * *
You closely miss the gargoyle.
You claw the gargoyle, but do no damage.
The gargoyle is almost destroyed.
The gargoyle hurls a stone arrow at you.
The stone arrow misses you.
You closely miss the gargoyle.
The gargoyle is almost destroyed.
The gargoyle closely misses you.
You hit the gargoyle.
You claw the gargoyle, but do no damage.
The gargoyle is almost destroyed.
The gargoyle hits you with a +0 dire flail!
* * * LOW HITPOINT WARNING * * *
Unknown command.
It was a potion of enlightenment.
You feel very buoyant.
You fly up into the air.
The gargoyle hits you with a +0 dire flail!!
You die...

#.....######.[....#
#....(##..##......#
#.........#.......#
#.........##.....##
#.........##..^..##
#...####..##......#
##...####.$##......#
#.......$..##.....##
#...@9.....##.....##
##.................#
#.................#
#...####..##.....##
#...# #..########
...... #...# .##....
#...# #.... #..##
#..#


You could see a gargoyle.

Vanquished Creatures
  Prince Ribbit (D:5)
  An orc warrior (D:6)
  2 ice beasts
  A sky beast (D:6)
  3 ogres
  2 centaurs
  A phantom (D:5)
  4 bullfrogs
  A gnoll sergeant (D:7)
  A howler monkey (D:7)
  2 bombardier beetles (D:3)
  A jelly (D:3)
  2 hounds
  3 orc priests
  A gnoll bouda (D:7)
  2 sleepcaps (D:5)
  Jessica (D:3)
  3 iguanas
  2 orc wizards
  Robin (D:1)
  13 adders
  7 gnolls
  4 river rats (Sewer)
  2 ufetubi (D:6)
  3 dart slugs
  3 ribbon worms (D:2)
  10 orcs
  15 ball pythons
  4 bats
  7 endoplasms
  4 giant cockroaches
  11 goblins
  8 hobgoblins
  6 jackals
  6 kobolds
  4 quokkas
  6 frilled lizards
  21 rats
169 creatures vanquished.

Vanquished Creatures (collateral kills)
  3 boulders (D:7)
3 creatures vanquished.

Vanquished Creatures (others)
  266 foxfires
266 creatures vanquished.

Grand Total: 438 creatures vanquished

Notes
Turn   | Place    | Note
-------+----------+-------------------------------------------
     0 | D:1      | hawla the Deep Elf Fire Elementalist began the quest for
                  | the Orb.
     0 | D:1      | Reached XP level 1. HP: 10/10 MP: 6/6
   223 | D:1      | You fall into a shaft and drop 1 floor!
   223 | D:2      | Found a bloodstained altar of Trog.
   264 | D:2      | Reached XP level 2. HP: 15/15 MP: 5/8
   689 | D:1      | Learned a level 2 spell: Scorch
   949 | D:2      | Noticed Robin
   973 | D:1      | Killed Robin
  1096 | D:1      | Reached XP level 3. HP: 19/19 MP: 1/10
  1204 | D:2      | Found Jysioq's Jewellery Emporium.
  1883 | D:3      | Reached XP level 4. HP: 24/24 MP: 2/12
  1888 | D:3      | Learned a level 4 spell: Flame Wave
  2262 | D:3      | Identified the +1 hand axe of Fate {flame, *Slow rF+ Dex+2}
  2276 | D:3      | Noticed Jessica
  2282 | D:3      | Killed Jessica
  2283 | D:3      | Reached XP level 5. HP: 26/28 MP: 8/13
  2449 | D:3      | Reached skill level 1 in Fighting
  2580 | D:3      | Found an ornate altar of the Wu Jian Council.
  2984 | D:4      | Noticed an ice beast
  2990 | D:4      | Reached skill level 1 in Short Blades
  2993 | D:4      | Killed an ice beast
  2994 | D:4      | Reached skill level 1 in Long Blades
  2994 | D:4      | Reached XP level 6. HP: 35/35 MP: 3/14
  3081 | D:4      | Found a basalt altar of Yredelemnul.
  3231 | D:4      | Found a glowing drain.
  3359 | Sewer    | Entered a sewer
  3814 | Sewer    | Reached skill level 5 in Conjurations
  3814 | Sewer    | Reached skill level 5 in Fire Magic
  3814 | Sewer    | Reached XP level 7. HP: 22/39 MP: 0/15
  4110 | D:4      | Found an iron altar of Okawaru.
  4145 | D:4      | Found a staircase to the Ecumenical Temple.
  4165 | D:4      | Found Fdudyha's Fabulous Fripperies.
  4171 | D:4      | Bought a wand of flame (9) for 69 gold pieces
  4171 | D:4      | Bought a scroll of fog for 44 gold pieces
  4185 | D:4      | Found a stormy altar of Qazlal.
  4627 | D:5      | Entered Level 5 of the Dungeon
  4648 | D:5      | Gained mutation: You are partially covered in iridescent
                  | scales. (AC +2) [potion of mutation]
  4648 | D:5      | Gained mutation: You have sharp toenails. [potion of
                  | mutation]
  4654 | D:5      | Noticed Prince Ribbit
  4659 | D:5      | Killed Prince Ribbit
  4840 | D:5      | Identified the beast talisman "Gehiwipn" {Fly Str+4 Int-5}
  4979 | D:5      | Reached XP level 8. HP: 44/44 MP: 10/16
  5047 | D:5      | Learned a level 5 spell: Fireball
  5451 | D:6      | Identified a scroll of acquirement
  5451 | D:6      | Acquired a +3 quick blade of venom
  5476 | D:6      | Reached skill level 1 in Evocations
  6220 | D:6      | Found a white marble altar of Elyvilon.
  6220 | D:6      | Found a faded altar of an unknown god.
  6240 | D:6      | Found a blossoming altar of Fedhas.
  6242 | D:6      | Found a faded altar of an unknown god.
  6244 | D:6      | Found an opulent altar of Gozag.
  6339 | D:7      | Reached XP level 9. HP: 19/48 MP: 4/17
  6538 | D:7      | Reached skill level 5 in Short Blades
  6648 | D:7      | Noticed a gargoyle
  6675 | D:7      | Learned a level 4 spell: Brom's Barrelling Boulder
  6729 | D:7      | HP: 1/48 [gargoyle/+0 dire flail (7)]
  6730 | D:7      | Demolished by a gargoyle

Illustrated notes

Levels and vault maps discovered:
D:1:      wander_arrival_desolate, layout_basic
D:2:      layout_rooms, basic_altar, serial_shops, shop, uniq_robin
D:3:      layout_loops_ring, pdpol_wu_jian_five_deadly_venoms, uniq_jessica
D:4:      layout_loops_ring, mainiacjoe_overflow_chevrons, okawaru_trees_2,
          mainiacjoe_overflow_surrounded_room, minmay_temple_entry_grid,
          gup_sewer_entry_glass, nicolae_alphabet_shops
D:5:      layout_rooms, uniq_prince_ribbit1
D:6:      nicolae_cairo_tiling_large_dashed, layout_loops_ring,
          chequers_temple_overflow_minitemple
D:7:      layout_gridville

Skill      XL: |  1  2  3  4  5  6  7  8  9 |
---------------+----------------------------+-----
Dodging        | 3 |  3.2
Conjurations   | 2 3 4 5 6 7 |  7.1
Fire Magic     | 4 5 6 7 |  7.1
Spellcasting   | 4 |  4.0
Fighting       | 1 |  1.9
Short Blades   | 1 4 5 |  5.1
Long Blades    | 1 4 |  4.3
Evocations     | 1 |  1.5
Stealth        | |  2.8
Earth Magic    | |  0.9

Action                     |  1- 3 |  4- 6 |  7- 9 || total
---------------------------+-------+-------+-------++-------
  Melee: Unarmed           |    14 |     9 |       ||    23
         Dagger            |       |    12 |    28 ||    40
         Long sword        |       |    26 |     9 ||    35
         Kick              |       |       |    28 ||    28
         Quick blade       |       |       |    81 ||    81
         Punch             |       |       |     1 ||     1
   Cast: Foxfire           |    64 |    51 |    41 ||   156
         Scorch            |    11 |    19 |    30 ||    60
         Flame Wave        |       |     3 |     3 ||     6
         Fireball          |       |       |     1 ||     1
         Brom's Barrelling |       |       |     3 ||     3
  Evoke: Wand              |       |       |     2 ||     2
    Use: Scroll            |     7 |     7 |    12 ||    26
         Potion            |     4 |     2 |     8 ||    14
   Stab: Invisible         |     1 |       |     1 ||     2
         Sleeping          |       |     1 |       ||     1
 Armour: Robe              |    31 |    54 |    52 ||   137
         Skin              |     2 |       |     8 ||    10
  Dodge: Dodged            |    45 |   100 |    67 ||   212
